 Dungeon Crawl Stone Soup version 0.31.0-12-g77e489cdc1 (webtiles) character file.

Game seed: 18142838635271481383

84 lordive the Ruffian (level 4, -1/28 HPs)
             Began as an Octopode Shapeshifter on Feb 29, 2024.
             Slain by a gnoll
             ... wielding a +2 flail of protection
              (9 damage)
             ... on level 2 of the Dungeon.
             The game lasted 00:01:20 (1251 turns).

lordive the Ruffian (Octopode Shapeshifter)         Turns: 1251, Time: 00:01:20

Health: -1/28      AC:  1    Str: 13    XL:     4   Next: 46%
Magic:  4/4        EV: 13    Int: 14    God:
Gold:   48         SH:  0    Dex: 11    Spells: 3/3 levels left

rFire   . .          .
                       - Unarmed
rCold   . . .        (no shield)
rNeg    . . .        (helmet currently unavailable)
rPois   .            (no amulet)
rElec   .            (no ring)
rCorr   .            (no ring)
SInv    .            (no ring)
Will    .....        (no ring)
Stlth   ++           (no ring)
HPRegen 0.24/turn    (no ring)
MPRegen 0.09/turn    (no ring)
                     (no ring)

%: no passive effects
@: beast-form
A: beast (slay +2), almost no armour, amphibious, 8 rings, camouflage 1,
gelatinous body 1, (nimble swimmer 1), tentacles
a: Begin Untransformation


You were on level 2 of the Dungeon.
You were a hulking beast.
You visited 1 branch of the dungeon, and saw 2 of its levels.

You collected 48 gold pieces.

Inventory:

Talismans
 b - a beast talisman
 c - a flux talisman
Scrolls
 d - a scroll of poison {unknown}
 f - 2 scrolls of enchant armour {unknown}
 g - 2 scrolls of identify {unknown}
Potions
 a - a potion of lignification
 e - a potion of might {unknown}
 h - a potion of curing {unknown}
 i - 3 potions of enlightenment {unknown}
 j - a potion of attraction {unknown}


   Skills:
 + Level 1.1 Fighting
 + Level 2.3 Dodging
 + Level 4.0 Unarmed Combat
 * Level 3.9 Shapeshifting


You had 3 spell levels left.
You didn't know any spells.
Your spell library was empty.

Dungeon Overview and Level Annotations

Branches:
Dungeon (2/15)

Altars:


Innate Abilities, Weirdness & Mutations

You are a hulking beast.
Your limbs bulge with bestial killing power. (Slay +2)
You cannot wear most types of armour.
You are amphibious.
You can wear up to eight rings at the same time.
Your skin changes colour to match your surroundings (Stealth+).
Your rubbery body absorbs attacks. (AC +1, EV +1)
((You are camouflaged when in or above water. (Stealth+)))
You have tentacles for arms and can constrict up to eight enemies at once.


Message History

You tentacle-slap the gnoll.
You kill the gnoll!
A gnoll comes into view.
It is wielding a +2 flail of protection and quivering a throwing net.
Your Unarmed Combat skill increases to level 4!
A gnoll comes into view. It is wielding a +0 club.
The gnoll throws a throwing net.
The throwing net hits you.
You become entangled in the net!
Items here: ( )) †.
You are held in a net!
You are held in a net!
You are held in a net!
You are held in a net!
You are held in a net!
You are held in a net!
You are held in a net!
You are held in a net!
You are held in a net!
You are held in a net!
You are held in a net!
You are held in a net!
You are held in a net!
You are held in a net!
You are held in a net!
You are held in a net!
You are held in a net!
You are held in a net!
You are held in a net!
You are held in a net!
You are held in a net!
You are held in a net!
You are held in a net!
Unknown command.
You struggle against the net.
You tear a large gash into the net.
The gnoll hits you with a +2 flail of protection.
You rip the net and break free!
The gnoll hits you with a +0 club.
* * * LOW HITPOINT WARNING * * *
The gnoll hits you with a +2 flail of protection!
You die...

......#######.#.....>.
.....## .#..#..# ..####
### ...... ...#
##.######..# ...#
##...#......#
...###......####.#####.#
...##.......####.......#
...#...........g)##.....
............####h# ....
.................g......
..........#..#####......
...##.##.##... ......
...##....÷...## #####
...#########.... ...# ..
...# #.##


You could see 2 gnolls.

Vanquished Creatures
  3 adders (D:2)
  2 gnolls (D:2)
  5 endoplasms
  2 goblins (D:2)
  3 hobgoblins
  3 kobolds (D:1)
  4 quokkas
  2 ball pythons (D:2)
  7 bats
  3 frilled lizards
  5 rats
39 creatures vanquished.

Notes
Turn   | Place    | Note
-------+----------+-------------------------------------------
     0 | D:1      | lordive the Octopode Shapeshifter began the quest for the
                  | Orb.
     0 | D:1      | Reached XP level 1. HP: 13/13 MP: 1/1
    90 | D:1      | Reached XP level 2. HP: 13/18 MP: 2/2
   112 | D:1      | Found a faded altar of an unknown god.
   510 | D:1      | Reached XP level 3. HP: 23/23 MP: 3/3
  1002 | D:2      | Reached XP level 4. HP: 28/28 MP: 4/4
  1247 | D:2      | Reached skill level 4 in Unarmed Combat
  1251 | D:2      | Slain by a gnoll

Illustrated notes

Levels and vault maps discovered:
D:1:      onia_arrival_handbag, layout_loops_ring,
          hellmonk_ecumenical_altar_leap_of_faith, minmay_misc_feat_encased,
          serial_bayou_lagoon_a, wander_ebering_terrifying_dragon_lair
D:2:      layout_loops_cross, glass_columns_b

Skill      XL: |  1  2  3  4 |
---------------+-------------+-----
Unarmed Combat | 4 |  4.0
Fighting       | |  1.1
Dodging        | |  2.3
Shapeshifting  | |  3.9

Action                     |  1- 3 |  4- 6 || total
---------------------------+-------+-------++-------
  Melee: Unarmed           |    68 |     8 ||    76
         Constrict         |    13 |     4 ||    17
         Tentacles         |     9 |     1 ||    10
         Punch             |     3 |       ||     3
   Stab: Sleeping          |     9 |     1 ||    10
 Armour: Skin              |    20 |     6 ||    26
  Dodge: Dodged            |    37 |     3 ||    40
